 Dungeon Crawl Stone Soup version 0.23-a0-183-gf37f6fb (webtiles) character file.

245 Gildeon the Conjurer (level 5, -2/28 HPs)
             Began as a Deep Elf Conjurer on Sept 23, 2018.
             Slain by Terence
             ... wielding a +0 falchion
              (7 damage)
             ... on level 3 of the Dungeon.
             The game lasted 00:22:29 (3180 turns).

Gildeon the Conjurer (Deep Elf Conjurer)            Turns: 3180, Time: 00:22:29

Health: -2/28      AC:  3    Str:  5    XL:     5   Next: 84%
Magic:  10/14      EV: 14    Int: 21    God:
Gold:   53         SH:  0    Dex: 15    Spells: 3/13 levels left

rFire    + . .     SeeInvis .   d - +2 dagger
rCold    x . .     Gourm    .   (no shield)
rNeg     . . .     Faith    .   a - +1 robe
rPois    .         Spirit   .   (no helmet)
rElec    .         Reflect  .   (no cloak)
rCorr    .         Harm     .   (no gloves)
MR       .....                  (no boots)
Stlth    +++.......             (no amulet)
HPRegen  0.09/turn              l - ring of fire
MPRegen  0.14/turn              (no ring)

@: no status effects
A: no striking features
a: no special abilities


You were on level 3 of the Dungeon.
You were not hungry.

You visited 1 branch of the dungeon, and saw 3 of its levels.

You collected 53 gold pieces.

Inventory:

Hand Weapons
 d - a +2 dagger (weapon)
Missiles
 j - 13 poisoned needles
Armour
 a - a +1 robe (worn)
Jewellery
 l - a ring of fire (left hand)
Scrolls
 e - 2 scrolls of remove curse
 f - a scroll of teleportation
 g - a scroll of identify
Comestibles
 b - 3 chunks of flesh
 c - 6 rations


   Skills:
 + Level 4.2 Dodging
 + Level 4.5 Stealth
 + Level 4.8 Spellcasting
 + Level 5.4 Conjurations


You had 3 spell levels left.
You knew the following spells:

 Your Spells              Type           Power        Failure   Level  Hunger
a - Magic Dart            Conj           ####         1%          1    None
b - Searing Ray           Conj           ####..       1%          2    None
c - Dazzling Spray        Conj/Hex       ###...       11%         3    ##.....
d - Iskenderun's Mystic   Conj           ####....     12%         4    ####...

Your spell library contained the following spells:

 Spells                   Type           Power        Failure   Level  Hunger
 Force Lance              Conj/Tloc      ###.....     34%         4    ####...
 Fulminant Prism          Conj/Hex       ###.......   34%         4    ####...


Dungeon Overview and Level Annotations

Branches:
Dungeon (3/15)

Altars:
Elyvilon
Xom

Annotations:
D:3 Sigmund, Terence


Message History

You see here an arrow.
Terence hits you but does no damage.
Casting: Magic Dart (safe; 1% risk of failure)
Confirm with . or Enter, or press ? or * to list all spells.
Aiming: Searing Ray (safe; 1% risk of failure)
Press: ? - help, Shift-Dir - straight line, f - Terence
Aim: Terence, wielding a falchion and wearing a ring mail (berserk, fast, The searing ray hits Terence.
Terence is moderately wounded. (Press . to maintain the ray.) Terence misses you.
The searing ray hits Terence.
Terence is moderately wounded.
Terence hits you with a falchion!
* * * LOW HITPOINT WARNING * * *
Terence closely misses you.
The searing ray hits Terence.
Terence is severely wounded.
Terence hits you with a falchion!
You die...

.#....#.#####.##.# ########...
.#.####.#####.##.######### ####
...........##.##.......@.# ##
.....##....##.##.........#######.
......'........#...............#.
...>.##....#####...............#.
.....##....# #c######........#.
.....####### #@# #........##
.....# ###@## #........# .....#
#....# #........# ....># #....#
#.w....$.# .....# #....#
#........# .....# ###.##
########## ###### #)# #.# #.# #.#


You could see a centaur and Terence (berserk).

Vanquished Creatures
  An orc priest (D:3)
  Jessica (D:3)
  Natasha (thrice) (D:2)
  4 adders
  An ooze (D:3)
  A worm (D:3)
  4 dart slugs
  3 leopard geckos
  2 orcs (D:3)
  2 giant cockroaches
  9 goblins
  5 hobgoblins
  11 kobolds
  2 quokkas
  A ball python (D:3)
  8 bats
  4 frilled lizards
  7 rats
69 creatures vanquished.

Notes
Turn   | Place    | Note
-------+----------+-------------------------------------------
     0 | D:1      | Gildeon the Deep Elf Conjurer began the quest for the Orb.
     0 | D:1      | Reached XP level 1. HP: 10/10 MP: 6/6
   283 | D:1      | Reached XP level 2. HP: 15/15 MP: 0/8
   292 | D:1      | Learned a level 2 spell: Searing Ray
  1143 | D:2      | Reached XP level 3. HP: 19/19 MP: 8/10
  1148 | D:2      | Learned a level 3 spell: Dazzling Spray
  1281 | D:2      | Found a shimmering altar of Xom.
  1281 | D:2      | Found a white marble altar of Elyvilon.
  1323 | D:2      | Noticed Natasha
  1339 | D:2      | Killed Natasha
  1339 | D:2      | Reached XP level 4. HP: 14/24 MP: 7/12
  1366 | D:2      | Learned a level 4 spell: Iskenderun's Mystic Blast
  1547 | D:2      | Noticed Natasha
  1554 | D:2      | Killed Natasha
  1554 | D:2      | Reached skill level 5 in Conjurations
  1678 | D:2      | Noticed Natasha
  1688 | D:2      | Killed Natasha
  1688 | D:2      | Reached XP level 5. HP: 28/28 MP: 3/13
  2272 | D:3      | Found a faded altar of an unknown god.
  3072 | D:3      | Noticed Jessica
  3077 | D:3      | Killed Jessica
  3165 | D:3      | Noticed Terence
  3165 | D:3      | Noticed a centaur
  3166 | D:3      | Noticed Sigmund
  3180 | D:3      | Slain by Terence

Vault maps used:
D:1:      evilmike_arrival_rings, minmay_bisected
D:2:      gammafunk_temple_overflow_statue, serial_curves, eino_curves_01,
          eino_curves_04, eino_curves_03, eino_curves_04, first_ration,
          kennysheep_doodads, st_stairs_9, uniq_natasha
D:3:      chequers_ecumenical_altar_simple, uniq_sigmund, uniq_jessica,
          uniq_terence

Skill      XL: |  1  2  3  4  5 |
---------------+----------------+-----
Stealth        | 3 4 |  4.5
Dodging        | 3 4 |  4.2
Spellcasting   | 4 |  4.8
Conjurations   | 5 |  5.4

Action                   |  1- 3 |  4- 6 || total
-------------------------+-------+-------++-------
Melee: Dagger            |    26 |    14 ||    40
 Cast: Magic Dart        |    42 |    48 ||    90
       Searing Ray       |       |     7 ||     7
  Use: Scroll            |     7 |     4 ||    11
       Potion            |     1 |     1 ||     2
 Stab: Sleeping          |     9 |     7 ||    16
  Eat: Chunk             |     1 |     6 ||     7
Armor: Robe              |     4 |     6 ||    10
Dodge: Dodged            |    20 |    26 ||    46

Table legend:
 A = Non-vault XP
 B = Vault XP
 C = Vault XP percentage of total XP
 D = Non-vault monster count
 E = Vault monster count
 F = Vault count percentage of total count
                 A         B        C        D         E       F
            +---------+---------+-------+---------+---------+-------
      Total |     269 |      82 |  23.4 |      62 |       7 |  10.1
            +---------+---------+-------+---------+---------+-------
        D:1 |      28 |       6 |  17.6 |      16 |       3 |  15.8
        D:2 |     141 |      39 |  21.7 |      26 |       3 |  10.3
        D:3 |     100 |      37 |  27.0 |      20 |       1 |   4.8
            +---------+---------+-------+---------+---------+-------
